[Event "MCCT Chessable Masters 2022"]
[Site "Online"]
[Date "2022.05.16"]
[Round "13.5"]
[White "Mishra, Abhimanyu"]
[Black "Praggnanandhaa R"]
[Result "0-1"]
[ECO "B40"]
[WhiteElo "2535"]
[BlackElo "2642"]
[Annotator "TA"]
[PlyCount "82"]
[EventDate "2022.05.19"]
[EventType "tourn"]
[EventCountry "NET"]
[SourceTitle "playchess.com"]
[Source "ChessBase"]
[SourceQuality "1"]
[TimeControl "900+10"]

1. e4 c5 2. Nf3 e6 3. g3 Nc6 4. Bg2 Nf6 5. Qe2 e5 6. O-O {[%emt 0:00:04] B40: Sicilian: 2...e6, Unusual lines.} Be7 7. c3 O-O 8. Na3 {[%emt 0:00:03][%cal Bb1a3,Ba3c2,Bc2e3][%mdl 32] The position is equal. The main line 8.Na3 scores better than 8.Rd1.} d6 9. Nc2 Re8 10. d3 h6 11. Ne3 Be6 12. Nh4 d5 13. Nhf5 (13. Qf3 $5 d4 14. Nd5 $11) 13... d4 14. Nd5 Nxd5 15. exd5 Bxf5 16. dxc6 {[%emt 0:00:02] [#]} bxc6 $146 (16... dxc3 {with more complications.} 17. cxb7 Rb8 18. Rd1 Qd7) ({Predecessor:} 16... dxc3 17. cxb7 Rb8 18. Rd1 Qd7 19. bxc3 Bg4 20. f3 Be6 21. Rb1 Bd6 22. Be3 Rxb7 23. Rxb7 Qxb7 {½-½ (78) Gauri,S (2325)-Liang,J (2410) Charlotte 2021}) 17. Bxc6 Bd7 18. Bxa8 (18. Bd5 {is more complex.} Rb8 19. Qh5 Rf8 20. Bxh6 Qc8 21. Bg5) 18... Qxa8 19. f3 (19. Re1 {looks sharper.} Qb7 20. cxd4 exd4 21. Qh5) 19... Bd6 20. Bd2 f5 21. Rae1 Qd5 22. Qf2 Bc7 23. c4 Qd6 24. Re2 Bc6 25. a3 a5 26. b3 Ba8 (26... Rb8 $11 27. Rb1 f4) 27. Qe1 $14 Qb6 28. b4 axb4 29. axb4 cxb4 30. Bxb4 Bc6 31. Ra2 Qb7 32. Ba5 Ra8 {[%emt 0:01:14] [#]} ({Black should play} 32... Bb8 $14) 33. Qa1 $2 (33. Ra1 $1 $18) 33... Bd6 {[%emt 0:00:43] [#]} (33... Qa7 $1 $11 {remains equal.} 34. Bxc7 Qxa2 35. Qxa2 Rxa2) 34. f4 (34. Bd2 $1 $16 {Strongly threatening Rxa8+.} Rxa2 35. Qxa2 Bxf3 36. Rb1) 34... exf4 $11 35. Qxd4 Qe7 {[%emt 0:00:01] And now ...Bc5 would win.} 36. Qf2 ({Don't blunder} 36. gxf4 $2 Bc5 37. Qf2 Qd6 38. Qxc5 Qxc5+ $19) (36. Re1 $11 Qf8 37. Kf1 (37. gxf4 $2 Bc5 $19) 37... fxg3 38. hxg3) 36... Bc5 $19 {[%emt 0:00:14] ( -> ...Rxa5)} 37. d4 {[%emt 0:00:06] [#]} Qe4 $1 38. Qg2 {[%emt 0:00:12] Inhibits Qh1+.} (38. d5 Bxf2+) 38... Bxd4+ {[%emt 0:00:07] This bishop pair is nice. Black mates.} 39. Kh1 Rxa5 40. Re2 Qxg2+ 41. Rxg2 Ra2 {[%emt 0:00:02] Weighted Error Value: White=0.54/Black=0.18 (very precise)} 0-1

[Event "MCCT Chessable Masters 2022"]
[Site "Online"]
[Date "2022.05.16"]
[Round "13.6"]
[White "Shankland, Sam"]
[Black "Grandelius, Nils"]
[Result "0-1"]
[ECO "D70"]
[WhiteElo "2718"]
[BlackElo "2635"]
[Annotator "TA"]
[PlyCount "62"]
[EventDate "2022.05.19"]
[EventType "tourn"]
[EventCountry "NET"]
[SourceTitle "playchess.com"]
[Source "ChessBase"]
[SourceQuality "1"]
[TimeControl "900+10"]

1. d4 Nf6 2. c4 g6 3. f3 d5 4. cxd5 Nxd5 5. e4 Nb6 6. Nc3 Bg7 7. Be3 O-O 8. Qd2 Nc6 9. O-O-O f5 {[%emt 0:00:02] D70: Grünfeld: Unusual White 3rd moves (met by ...d5).} 10. e5 f4 $5 {[%emt 0:00:35][%mdl 4] Exploring less charted territory.} 11. Bxf4 Nb4 {[%emt 0:00:38] White is slightly better.} 12. Bh6 {[%emt 0:01:25] [#]} ({White should play} 12. a3 $16 Nc6 13. Nge2) 12... Bxh6 $5 $146 {[%emt 0:03:23][%mdl 8] An interesting novelty.} (12... Be6 $14) ({Predecessor:} 12... Bf5 13. Bxg7 Kxg7 14. g4 Be6 15. Kb1 Qe8 16. a3 Nc6 17. Ne4 Bg8 18. Nc5 Rd8 {1-0 (43) Sjugirov,S (2663)-Puranik,A (2538) Moscow 2019}) 13. Qxh6 $16 N6d5 (13... Rf7 $16) 14. Bc4 $18 {[%emt 0:00:42] a3 is the strong threat.} b5 15. Bb3 (15. Nxb5 $6 Qd7 $16) (15. Bxb5 Nxc3 16. bxc3 Qd5 $11) 15... a5 16. h4 (16. Nxb5 $6 a4 17. Bc4 Ra6 $14) 16... a4 (16... Rf7 $142 17. h5 (17. Nxb5 a4 $11) 17... Ra6) 17. Bxd5+ Nxd5 18. Ne4 (18. Nxb5 Qe8 19. Nc3 Nxc3 20. bxc3 Rb8 $19) ({Better is} 18. h5 $18 Nxc3 19. bxc3 (19. hxg6 $2 Nxa2+ 20. Kd2 Qxd4+ 21. Ke1 Qxe5+ 22. Ne2 Qg7 $19)) 18... Qe8 (18... Rf7 $16 {was called for.} 19. h5 gxh5) 19. Ng5 {[%emt 0:02:20][%csl Gg5][%cal Rh6h7] Pair of Knights!} Rf7 20. Nxf7 Qxf7 21. Qd2 {[%emt 0:00:37] [#] Against Nb4} (21. h5 $18) 21... Ra6 $17 {[%emt 0:01:38][%cal Ba8a6,Ba6c6,Bc6c2,Bc2d2][%mdl 1056] Black has strong compensation.} 22. Kb1 (22. Qg5 $17 {is a better defense.}) 22... Bf5+ $19 23. Ka1 {[%emt 0:00:03] [#]} Rc6 24. Nh3 {[%emt 0:02:08] And now Ng5 would win.} Rc2 25. Ng5 Rxd2 $40 {[%emt 0:00:31][%mdl 128] Black attacks with force.} 26. Nxf7 Rxd1+ 27. Rxd1 {[%emt 0:00:01] Hoping for Nh6+.} Kxf7 28. Rc1 (28. g4 $142 Be6 29. b3) 28... Bd7 29. Rc5 c6 30. Kb1 Nf4 31. Kc2 Nxg2 {[%emt 0:00:18] Weighted Error Value: White=0.52/Black=0.23 (precise)} 0-1

[Event "MCCT Chessable Masters 2022"]
[Site "Online"]
[Date "2022.05.16"]
[Round "13.7"]
[White "Vidit, Santosh Gujrathi"]
[Black "Tari, Aryan"]
[Result "0-1"]
[ECO "B12"]
[WhiteElo "2723"]
[BlackElo "2654"]
[Annotator "TA"]
[PlyCount "68"]
[EventDate "2022.05.19"]
[EventType "tourn"]
[EventCountry "NET"]
[SourceTitle "playchess.com"]
[Source "ChessBase"]
[SourceQuality "1"]
[TimeControl "900+10"]

1. e4 c6 2. d4 d5 3. e5 Bf5 4. h4 a6 5. g4 Bd7 6. Nc3 {[%emt 0:00:57] B12: Caro-Kann: Advance Variation.} (6. c4 $5 ) 6... e6 7. Be3 c5 8. dxc5 {[%emt 0:00:03] The position is equal.} Qc7 9. Nf3 Bxc5 10. Bxc5 Qxc5 11. Qd2 {[%emt 0:00:02] [#]} b5 $5 $146 {[%emt 0:02:18][%mdl 8] New and interesting.} ({Predecessor:} 11... Nc6 12. O-O-O O-O-O 13. Bd3 Nge7 14. Rde1 h5 15. gxh5 Rxh5 16. Ng5 Be8 17. f4 Kb8 {½-½ (35) Popov,I (2596)-Evdokimov,A (2495) Sochi 2016}) 12. Bd3 Ne7 13. O-O-O (13. Qg5 $14) 13... b4 $11 14. Ne2 Bb5 15. Kb1 Nbc6 16. Nf4 h6 17. Rc1 Qb6 18. c4 dxc4 19. Bxc4 Rd8 20. Qe2 O-O 21. Qe4 (21. Qe3 $1 $11 {keeps the balance.} Qxe3 22. fxe3) 21... Nd4 {[%emt 0:00:49] Hoping for ...Bc6.} 22. Ng5 {[%emt 0:00:47] [#] Loses the game.} g6 $1 $19 23. Bxb5 $2 (23. h5 Bc6 24. Qe3 hxg5 25. hxg6 Nxg6 {[#]} 26. Nh5 $1 Bxh1 27. Rxh1) 23... Nxb5 ({Don't blunder} 23... hxg5 $2 24. hxg5 Nxb5 25. Qf3 Nc3+ 26. Ka1 $19) 24. Nh5 $2 (24. Ka1 hxg5 25. hxg5) 24... Nc3+ 25. Rxc3 bxc3 26. Nf6+ Kg7 27. Qc2 hxg5 28. Qxc3 Qxf2 29. h5 Nd5 30. Nxd5 Rxd5 31. hxg6 Qd2 32. Qc7 Qd3+ 33. Kc1 Qe3+ 34. Kb1 Qe4+ {[%emt 0:00:01] Weighted Error Value: White=0.85/Black=0.17 (very precise)} 0-1

[Event "MCCT Chessable Masters 2022"]
[Site "Online"]
[Date "2022.05.16"]
[Round "13.8"]
[White "Wei, Yi"]
[Black "Giri, Anish"]
[Result "0-1"]
[ECO "B90"]
[WhiteElo "2727"]
[BlackElo "2761"]
[Annotator "TA"]
[PlyCount "62"]
[EventDate "2022.05.19"]
[EventType "tourn"]
[EventCountry "NET"]
[SourceTitle "playchess.com"]
[Source "ChessBase"]
[SourceQuality "1"]
[TimeControl "900+10"]

1. e4 {[%emt 0:00:00] Marin,M} c5 2. Nf3 d6 3. d4 cxd4 4. Nxd4 Nf6 5. Nc3 a6 6. Be3 e5 7. Nb3 Be7 8. h3 {[%emt 0:00:06] B90: Sicilian Najdorf: Unusual White 6th moves, 6 Be3 Ng4 and 6 Be3 e5.} (8. f3 Be6 9. Qd2 h5 10. O-O-O Nbd7 11. Kb1 Rc8 12. h4 b5 13. a3 O-O 14. Bg5 Re8 15. g4 hxg4 16. fxg4 Bxg4 17. Re1 d5 18. Nxd5 Nxd5 19. exd5 Bf5 {½-½ (31) Wei,Y (2732)-Giri,A (2764) Chess.com INT 2020}) 8... Be6 9. Qd2 Nbd7 10. O-O-O {[%emt 0:00:05] The position is equal.} b5 11. g4 O-O {[%emt 0:02:40] [#]} 12. a3 $146 ({Predecessor:} 12. Kb1 Qc7 13. Bg2 Nb6 14. Bxb6 Qxb6 15. f4 Bc4 16. g5 Nh5 17. fxe5 dxe5 18. Nd5 Bxd5 19. exd5 {½-½ (32) Anand,V (2779)-Ivanchuk,V (2750) Morelia/Linares 2007 CBM 117 [Marin,M]}) 12... Nb6 13. g5 Nfd7 14. Na5 Qc7 {[%emt 0:00:08] Inhibits Nc6.} 15. Kb1 Rab8 (15... Rfc8 $11) 16. Nd5 Nxd5 17. exd5 Bxd5 18. Qxd5 {[%emt 0:00:01] aiming for Nc6.} Qxa5 19. Bd3 Qc7 20. Qe4 g6 $132 {[%emt 0:00:49][%mdl 2048] Black is not keeping still} 21. h4 Nc5 22. Bxc5 d5 {[%emt 0:00:51] [#]} (22... Qxc5 23. h5 Kg7 24. hxg6 hxg6 25. Rh7+ $3 (25. Qh4 Rh8 $17) 25... Kg8 26. Rdh1 Bxg5 27. Rh8+ Kg7 28. R1h7+ Kf6 29. Rxf7+ $3 Rxf7 30. Qxg6+ Ke7 31. Qxg5+ Ke6 32. Qg6+ Ke7 33. Qg5+ Kd7 34. Rxb8 $18) 23. Qxd5 Qxc5 24. Qb3 (24. Qe4 $14) 24... a5 (24... Qxf2 $2 25. h5 Qb6 26. Be4 $18) 25. Be4 a4 26. Qh3 {[%emt 0:00:20] Strongly threatening h5.} b4 27. h5 {[%emt 0:00:01][%cal Bh4h5,Bh5g6][%mdl 32] White wants to mate with hxg6.} bxa3 28. hxg6 Rxb2+ 29. Ka1 h5 {[%emt 0:00:07] Really sharp!} 30. gxh6 $2 {[%emt 0:02:43][%mdl 8192] [#]} (30. Qxh5 Ra2+ $3 31. Kxa2 Qc4+ 32. Kb1 a2+ 33. Kc1 a1=Q+ 34. Kd2 Qac3+ 35. Kc1 Ba3+ 36. Kb1 Qb2#) (30. gxf7+ $11 Rxf7 31. g6 (31. Qxh5 Rb1+ 32. Rxb1 Qd4+ 33. Ka2 Qc4+ 34. Ka1 Qd4+ 35. Ka2 Qc4+ 36. Ka1 Qd4+ $11) 31... Rxf2 32. Qe6+ (32. Qxh5 Ra2+ 33. Kxa2 Rxc2+ 34. Kb1 a2+ 35. Ka1 Qc3#) 32... Kg7 33. Rd7 (33. Rxh5 Rb1+ 34. Rxb1 Qc3+ 35. Ka2 Rxc2+ 36. Bxc2 Qxc2+ 37. Ka1 Qc3+ 38. Ka2 Qc2+ 39. Ka1 Qc3+ 40. Ka2 Qc2+ $11) 33... Rb1+ 34. Rxb1 Qc3+ 35. Ka2 Rxc2+ 36. Bxc2 Qxc2+ 37. Ka1 Qc3+ 38. Ka2 Qc2+ 39. Ka1 Qc3+ 40. Ka2 Qc2+) 30... fxg6 $1 $19 {[%emt 0:00:02] ( -> ...Qb4)} (30... Qc4 {is a self mate.} 31. h7+ Kh8 32. g7+ Kxg7 33. h8=Q+ Rxh8 34. Qxh8#) 31. Qg3 {[%emt 0:01:18] [#]} Kh8 $1 {[%emt 0:00:17] Weighted Error Value: White=0.57/Black=0.09 (flawless)} 0-1

[Event "MCCT Chessable Masters 2022"]
[Site "Online"]
[Date "2022.05.16"]
[Round "14.1"]
[White "Carlsen, Magnus"]
[Black "Giri, Anish"]
[Result "1/2-1/2"]
[ECO "D78"]
[WhiteElo "2864"]
[BlackElo "2761"]
[Annotator "TA"]
[PlyCount "75"]
[EventDate "2022.05.19"]
[EventType "tourn"]
[EventCountry "NET"]
[SourceTitle "playchess.com"]
[Source "ChessBase"]
[SourceQuality "1"]
[TimeControl "900+10"]

1. d4 Nf6 2. c4 g6 3. g3 c6 4. Bg2 d5 5. Qb3 Bg7 6. Nc3 dxc4 7. Qxc4 O-O 8. Nf3 Bf5 9. O-O Nbd7 10. Qb3 {[%emt 0:01:04] D78: Fianchetto Grünfeld: 6 0-0 c6.} Qb6 11. Bf4 Qxb3 12. axb3 {[%emt 0:00:02] [#]} h6 $146 ({Predecessor:} 12... a6 13. Rfc1 h6 14. h3 g5 15. Bd2 Rfd8 16. Be1 Rac8 17. Na4 Ne4 18. Ba5 Re8 {½-½ (54) Ivanisevic,I (2653)-Vidit,S (2651) Berlin 2015}) 13. h4 Rfd8 14. b4 a6 15. Rfc1 Rac8 16. Ra5 Nb6 17. Raa1 Nfd5 18. Nxd5 Nxd5 19. Bd2 Be4 20. e3 Bxf3 21. Bxf3 e5 22. dxe5 {[%emt 0:00:24] The position is equal.} Bxe5 23. Rc2 h5 24. Ra5 Bc7 25. Rac5 {[%emt 0:00:41] [#] aiming for Bxd5.} Bd6 26. R5c4 {[%emt 0:00:03] And now Bxd5 would win.} Nb6 27. Rd4 Be5 28. Rxd8+ Rxd8 29. Kf1 Nc4 30. Bc1 Nd6 31. Ke2 f5 32. Bd2 Kf7 33. Be1 Nb5 34. Bg2 Bf6 35. Bd2 Be5 36. Be1 Bf6 37. Bd2 Be5 38. Be1 {[%emt 0:00:00] Weighted Error Value: White=0.05 (flawless) /Black=0.06 (flawless)} 1/2-1/2

[Event "MCCT Chessable Masters 2022"]
[Site "Online"]
[Date "2022.05.16"]
[Round "14.2"]
[White "Tari, Aryan"]
[Black "Wei, Yi"]
[Result "1/2-1/2"]
[ECO "B51"]
[WhiteElo "2654"]
[BlackElo "2727"]
[Annotator "TA"]
[PlyCount "126"]
[EventDate "2022.05.19"]
[EventType "tourn"]
[EventCountry "NET"]
[SourceTitle "playchess.com"]
[Source "ChessBase"]
[SourceQuality "1"]
[TimeControl "900+10"]

1. e4 c5 2. Nf3 d6 3. Bb5+ Nd7 4. O-O a6 5. Bd3 Ngf6 6. Re1 {[%emt 0:00:29] B51: Sicilian: Moscow Variation (3 Bb5+) without 3...Bd7.} e6 7. Bf1 b5 8. a4 Bb7 9. d4 b4 {[%emt 0:01:33] [#]} (9... Bxe4 {is interesting.} 10. dxc5 dxc5 11. Ng5 Bb7) 10. d5 $146 ({Predecessor:} 10. e5 dxe5 11. dxe5 Nd5 12. Nbd2 Qc7 13. Nc4 a5 14. Bd3 Be7 15. Ng5 N7b6 16. Nxb6 Nxb6 17. Bb5+ Bc6 18. Qf3 Bxg5 19. Bxc6+ Kf8 20. Bxa8 Bxc1 21. Raxc1 {1-0 (21) Fischer,J (2071)-Afraoui,S (1889) Europe Echecs INT 2021}) 10... exd5 11. exd5+ Be7 12. c4 bxc3 13. Nxc3 O-O 14. a5 {[%emt 0:00:04] Against Nb6} Re8 15. Bc4 Qc7 16. Qd3 h6 17. h3 Nf8 18. Bf4 {[%emt 0:01:07] White is more active.} (18. Nh4 $16) 18... Ng6 $14 19. Bh2 Nd7 20. Re2 Rac8 21. Rae1 ({Of course not} 21. Bxa6 c4 22. Bxc4 Qxc4 23. Qxc4 Rxc4 24. Bxd6 Ba6 $15) 21... Nf6 22. Ne4 {[%emt 0:00:40][%cal Oh2d6] aiming for Bxd6!} ({Inferior is} 22. Bxa6 c4 23. Bxc4 Qxc4 24. Qxc4 Rxc4 25. Bxd6 Bxd6 $17) 22... Red8 {[%emt 0:00:18] [#]} 23. Ned2 ({Not} 23. Bxa6 $2 c4 24. Nxf6+ Bxf6 25. Bxc4 Qxc4 26. Qxc4 Rxc4 27. Re8+ Kh7 28. Rxd8 Bxd8 29. Bxd6 Bxa5 $19) (23. h4 $1 $16) 23... Bf8 $11 24. Nb3 $2 (24. g4 $11) 24... Nxd5 25. Bxd5 $15 {[%emt 0:00:06] Bc4 is the strong threat.} c4 26. Qd2 {[%emt 0:01:01] And now Nc1 would win.} Bxd5 27. Qxd5 {[%emt 0:00:00] [#] Strongly threatening Nbd2.} cxb3 28. Re3 Ne7 29. Qxb3 Qxa5 30. Qa3 Nc6 31. Qxa5 Nxa5 32. Ra3 Nc4 33. Rxa6 Nxb2 34. Ra7 d5 35. Rb7 Nd3 36. Rd1 Nc5 37. Rb5 Ne4 {[%emt 0:00:10] Hoping for ...Nc3.} 38. Be5 Bc5 39. Bd4 Bxd4 40. Rxd4 Rc1+ 41. Kh2 Nf6 42. Rd2 Ra8 43. g3 Ne4 44. Rdb2 Rd1 45. Kg2 Kh7 (45... Ra7 $15) 46. Rb7 $11 f6 47. Rc2 Rda1 48. Rcc7 Rg8 49. Rc2 {[%emt 0:00:10] Prevents Ra2.} Rga8 50. Rcc7 Rg8 51. Rc2 {[%emt 0:00:00] Inhibits Ra2.} Raa8 52. Nd4 Nd6 53. Rd7 Rad8 54. Rcc7 Nc4 55. Nf5 Rxd7 56. Rxd7 {[%emt 0:00:00][%mdl 4096] Endgame KRN-KRN} Nb6 57. Rb7 Na4 58. Rd7 Nb6 59. Rb7 Na4 60. Rd7 Nc3 61. Ne7 Re8 {[%emt 0:00:01] The position is equal.} 62. Nxd5 Nxd5 63. Rxd5 Kg6 {[%emt 0:00:01] Weighted Error Value: White=0.13 (very precise) /Black=0.08 (flawless)} 1/2-1/2

[Event "MCCT Chessable Masters 2022"]
[Site "Online"]
[Date "2022.05.16"]
[Round "14.3"]
[White "Grandelius, Nils"]
[Black "Vidit, Santosh Gujrathi"]
[Result "0-1"]
[ECO "C41"]
[WhiteElo "2635"]
[BlackElo "2723"]
[Annotator "TA"]
[PlyCount "100"]
[EventDate "2022.05.19"]
[EventType "tourn"]
[EventCountry "NET"]
[SourceTitle "playchess.com"]
[Source "ChessBase"]
[SourceQuality "1"]
[TimeControl "900+10"]

1. e4 d6 2. d4 Nf6 3. Nc3 e5 4. Nf3 Nbd7 5. Rg1 c6 6. g4 {[%emt 0:00:14][%cal Bg2g4,Bg4g5][%mdl 32] C41: Philidor Defence.} g6 7. g5 Nh5 8. Be3 {[%emt 0:00:00] White is slightly better.} Bg7 {[%emt 0:00:28] [#]} 9. dxe5 $146 ({Predecessor:} 9. Qd2 O-O 10. Be2 b5 11. a3 a5 12. Nh4 Nf4 13. Bxf4 exf4 14. Nf3 Bb7 15. Qxf4 {0-1 (76) Sevian,S (2654)-Jobava,B (2582) Chess.com INT 2021}) 9... dxe5 10. Qd6 Qe7 11. Qxe7+ Kxe7 12. O-O-O b6 13. Nb1 h6 14. h4 hxg5 15. hxg5 Nf4 16. Nbd2 Ne6 17. Nc4 c5 18. c3 (18. Nd6 $1 $14) 18... Bb7 $11 19. Nd6 Bc6 20. Bc4 Rh3 21. Ne1 Nd4 22. Nxf7 b5 {[%emt 0:00:01] [#]} (22... Bxe4 $11 23. Nh6 (23. cxd4 $2 cxd4 24. Nxe5 Bxe5 $17) 23... Rd8) 23. Bf1 $1 $16 (23. cxd4 exd4 24. Bf1 (24. Bb3 $2 dxe3 25. Nc2 exf2 $19) 24... Rh5 $17) 23... Rh4 {[%emt 0:01:01] [#]} 24. Nxe5 ({Don't play} 24. cxd4 $6 exd4 25. Ng2 Rxe4 $11) (24. Nh6 $1 $16) 24... Bxe5 $11 25. cxd4 cxd4 26. Nf3 Bxe4 27. Nxd4 (27. Nxh4 $14 dxe3 28. fxe3 Rc8+ 29. Kd2) 27... Rc8+ 28. Kd2 Nb6 29. Bxb5 Bxd4 30. Bxd4 Rc2+ $1 31. Ke1 Bf3 $36 {[%emt 0:00:05][%mdl 2048] Inhibits Be2. Strongly threatening ...Rxd4. Black has good play.} 32. Bf6+ Ke6 {[%emt 0:00:05] Chess con chili.} 33. Bd3 {[%emt 0:00:04][%csl LRc2,LRg6] Inhibits Re4+.} Bxd1 34. Kxd1 Rxf2 35. Bxg6 {[%emt 0:00:16] A strong pair of Bishops.} Nd5 36. Kc1 (36. Re1+ $11 {keeps the balance.} Kd7 37. Be5) 36... Nxf6 $17 37. gxf6 (37. Re1+ $17 Kd5 38. gxf6) 37... Kxf6 {[%emt 0:00:01][%mdl 4096] Endgame White must now prevent ...Rhh2. KRR-KRB} 38. Bd3 $2 (38. Kb1 {only move.}) 38... Rhh2 $19 39. Re1 Rxb2 40. Bb1 Rbf2 {[%emt 0:00:14] aiming for ...Rh3.} 41. Rd1 Ke5 42. Rd8 $2 (42. Re1+ $19 Kd4 43. Rd1+ Kc5 44. Rd8) 42... a5 $2 (42... Rf1+ {mates} 43. Rd1 Rff2 44. Re1+ Kf6 45. Rd1 a5 46. a3 a4 47. Rd8 Ke5 48. Rd7 Rf1+ 49. Rd1 Rf3 50. Bd3 Ra2 51. Re1+ Kd6 52. Kb1 Rxa3 53. Bc2 Rf4 54. Be4 Rb3+ 55. Ka1 Rf2 56. Rc1 Re3 57. Bh7 Rg3 58. Be4 Ra3+ 59. Kb1 Re3 60. Bg6 Rg3 61. Bh7 Rh2 62. Be4 Rb3+ 63. Ka1 Re3 64. Bg6 Rf2 65. Kb1 Rb3+ 66. Ka1 Ra3+ 67. Kb1 Rb3+ 68. Ka1 Rbf3 69. Kb1 Rf1 70. Rxf1 Rxf1+ 71. Ka2 Kc5 72. Ka3 Ra1+ 73. Kb2 Rg1 74. Bh5 Kb5 75. Ka3 Rg3+ 76. Kb2 Rb3+ 77. Ka2 Kb4 78. Bf7 Ra3+ 79. Kb1 Rc3 80. Kb2 Rd3 81. Kc1 Ka5 82. Kb2 Re3 83. Bd5 Kb4 84. Bf7 Re2+ 85. Kb1 Rf2 86. Be6 Rg2 87. Bd5 Rg5 88. Be6 Rg1+ 89. Kc2 Rg2+ 90. Kc1 Kc3 91. Kb1 Rb2+ 92. Ka1 Rb6 93. Bg8 Rb4 94. Ka2 Rg4 95. Bf7 Rf4 96. Be6 Rf6 97. Bg8 Kb4 98. Kb2 Rf2+ 99. Kb1 Rf8 100. Bd5 Rf1+ 101. Ka2 Rf2+ 102. Ka1 Rf5 103. Bg8 Rg5 104. Be6 Rg6 105. Bf7 Rg4 106. Kb1 Rf4 107. Be6 Rf6 108. Bd5 Kc3 109. Ka2 Rf5 110. Be4 Re5 111. Bg6 Kb4 112. Bf7 Rg5 113. Be6 Re5 114. Bg8 Re2+ 115. Kb1 Re1+ 116. Ka2 Re2+ 117. Kb1 Rg2 118. Bd5 Rd2 119. Bf7 Rg2 120. Bd5) 43. a4 $2 (43. Rd1) 43... Rhg2 $2 (43... Rh1+ 44. Rd1 Rxd1+ 45. Kxd1 Rf1+ 46. Kc2 Rf4) 44. Rd1 Kf4 45. Re1 Rg3 {[%emt 0:00:23] Threatens to win with ...Rc3+.} 46. Re4+ $2 (46. Be4) 46... Kg5 47. Re5+ Kf6 {[%emt 0:00:01] ( -> ...Rg1+)} 48. Rd5 Rc3+ 49. Kd1 Ra3 50. Bc2 Ra1+ {[%emt 0:00:04] Weighted Error Value: White=0.89/Black=0.39} 0-1

[Event "MCCT Chessable Masters 2022"]
[Site "Online"]
[Date "2022.05.16"]
[Round "14.4"]
[White "Praggnanandhaa R"]
[Black "Shankland, Sam"]
[Result "1/2-1/2"]
[ECO "D45"]
[WhiteElo "2642"]
[BlackElo "2718"]
[Annotator "TA"]
[PlyCount "79"]
[EventDate "2022.05.19"]
[EventType "tourn"]
[EventCountry "NET"]
[SourceTitle "playchess.com"]
[Source "ChessBase"]
[SourceQuality "1"]
[TimeControl "900+10"]

1. d4 Nf6 2. c4 e6 3. Nf3 d5 4. Nc3 c6 5. e3 Nbd7 6. Qc2 Bd6 7. b3 O-O 8. Be2 b6 9. O-O Bb7 10. Bb2 Qe7 11. Rad1 Rad8 12. Rfe1 Rfe8 13. Bf1 {[%emt 0:00:02] D45: Semi-Slav: 5 e3.} Nf8 14. e4 dxe4 15. Nxe4 Nxe4 16. Qxe4 c5 17. d5 f6 {[%emt 0:00:06] [#]} 18. Qc2 $146 ({Predecessor:} 18. Qg4 Qf7 19. Nh4 Bc8 20. dxe6 Rxe6 21. Nf5 Qg6 22. Qxg6 hxg6 23. Nxd6 Rdxd6 24. Bc1 Rxe1 25. Rxe1 {½-½ (39) Khusnutdinov,R (2491)-Nihal,S (2620) Chess.com INT 2020}) 18... Qf7 19. g3 exd5 {[%emt 0:01:16] Threatens to win with ...d4.} 20. Rxe8 Rxe8 21. cxd5 Ng6 (21... Bxd5 $2 {[#]} 22. Rxd5 $1 Qe7 23. Bc4 $18) 22. Bb5 Rd8 23. Bc6 Bc8 (23... Ba6 $5 ) 24. Qe4 Ne7 $1 25. Bb5 a6 26. Bf1 Qh5 27. Bg2 b5 (27... Bb7 $15 {feels stronger.}) 28. Rd2 Re8 29. Qd3 Bf5 30. Qf1 Be4 31. Nh4 Ng6 ({Of course not} 31... Bxd5 32. Bxd5+ Nxd5 33. Qd1 Qxd1+ 34. Rxd1 $11) (31... Nxd5 $2 32. Qe2 Qxe2 33. Rxe2 $18) ({Black should play} 31... Bxg2 $15 32. Nxg2 Nf5) 32. Nxg6 (32. Qe2 $1 $11 Qg5 33. Nf3) 32... Bxg2 (32... hxg6 $2 33. Qe2 $18) 33. Kxg2 {[%emt 0:00:03] [#] Strongly threatening Nh4. The position is equal.} hxg6 34. a4 $1 Bf4 35. gxf4 Qg4+ 36. Kh1 {[%emt 0:00:01] aiming for Qd1.} Qf3+ 37. Kg1 Qg4+ 38. Kh1 {[%emt 0:00:01] Qd1 is the strong threat.} Qf3+ 39. Kg1 {[%emt 0:00:01] Black must now prevent Qd1.} Qg4+ 40. Kh1 {[%emt 0:00:00] Weighted Error Value: White=0.13 (very precise) /Black=0.13 (very precise)} 1/2-1/2